 Dungeon Crawl Stone Soup version 0.18-a0-844-g9229740 (webtiles) character file.

806 JokEr the Sneak (level 7, -7/56 HPs)
             Began as a Vampire Assassin on Dec 18, 2015.
             Mangled by an ogre
             ... wielding a cursed -3 giant club
              (15 damage)
             ... on level 5 of the Dungeon.
             The game lasted 00:20:13 (6744 turns).

JokEr the Sneak (Vampire Assassin)                  Turns: 6744, Time: 00:20:14

Health: -7/56      AC: 12    Str: 12    XL:     7   Next: 60%
Magic:  7/7        EV: -2    Int: 13    God:
Gold:   164        SH: 10    Dex: 20    Spells: 0 memorised, 6 levels left

rFire  . . .     SeeInvis +     a - +3 dagger
rCold  + . .     Gourm    .     l - +0 plate armour
rNeg   + + .     Faith    .     e - +0 large shield
rPois  +         Spirit   .     (no helmet)
rElec  .         Dismiss  .     d - +0 cloak
rCorr  .         Reflect  .     o - +0 pair of gloves
SustAt .         Harm     .     (no boots)
MR     .....                    (no amulet)
Stlth  ..........               (no ring)
                                h - +4 ring of dexterity

@: regenerating slowly, not resistant to hostile enchantments, extremely
unstealthy
A: fangs 3, see invisible, unbreathing
a: Bat Form


You were on level 5 of the Dungeon.
You were thirsty.

You visited 2 branches of the dungeon, and saw 6 of its levels.

You collected 164 gold pieces.

Inventory:

Hand Weapons
 a - a +3 dagger (weapon)
Armour
 d - a +0 cloak (worn)
 e - a +0 large shield (worn)
 l - a +0 plate armour (worn)
 o - a +0 pair of gloves (worn)
Jewellery
 h - a +4 ring of dexterity (left hand)
 q - a +3 amulet of reflection {unknown}
 w - a cursed ring of loudness {unknown}
Wands
 b - a wand of confusion (39)
 j - a wand of disintegration (19)
 t - a wand of digging (14)
Scrolls
 f - a scroll of remove curse
 k - 3 scrolls of identify
 m - 4 scrolls of amnesia
 n - 2 scrolls of teleportation
 r - a scroll of noise
Potions
 c - 3 potions of resistance {unknown}
 g - 8 potions of blood
 i - a potion of agility
 p - a potion of haste
 u - a potion of brilliance {unknown}
 v - a potion of might {unknown}


   Skills:
 + Level 5.6 Fighting
 + Level 6.3 Short Blades
 - Level 1.5 Throwing
 - Level 1.1 Dodging
 + Level 7.4 Stealth


You had 6 spell levels left.
You didn't know any spells.

Dungeon Overview and Level Annotations

Branches:
Dungeon (5/15)             Temple (1/1) D:4

Altars:
Cheibriados
Fedhas
Gozag
Kikubaaqudgha
Makhleb
Okawaru
Pakellas
Qazlal
Ru
Sif Muna
Trog
Vehumet
Xom
Yredelemnul
Zin
The Shining One


Innate Abilities, Weirdness & Mutations

You heal slowly.
You have razor-sharp teeth.
You have supernaturally acute eyesight.
You can survive without breathing.


Message History

Drink which item? (? for menu, Esc to quit)
You feel much better. You block the ogre's attack.
Your shield and plate armour prevent you from hitting the ogre.
The ogre is heavily wounded.
You hit the ogre.
The ogre is severely wounded.
The ogre hits you with a giant club!!
You hit the ogre. You bite the ogre, but do no damage.
The ogre is severely wounded.
The ogre hits you with a giant club!
* * * LOW HITPOINT WARNING * * *
You hit the ogre.
The ogre is almost dead.
You block the ogre's attack.
Your shield and plate armour prevent you from hitting the ogre.
The ogre is almost dead.
You hit the ogre but do no damage.
The ogre is almost dead.
The ogre hits you with a giant club!
You die...

#.....#...........#
###+#.....##'##########
....................
....................
....................
....................
...............>....
######.....#'#######+##
#.....#....@O....#
#.....#..........#
#.....#..........+
#.....############
#######


You could see an ogre.

Vanquished Creatures
  Sigmund (D:3)
  3 scorpions
  3 orc priests
  3 orc wizards
  A centaur skeleton (D:4)
  4 worker ants (D:4)
  3 gnolls
  5 adders
  2 oozes (D:1)
  2 worms (D:2)
  3 giant geckos
  12 orcs
  16 bats
  4 giant cockroaches
  7 goblins
  7 hobgoblins
  8 jackals
  5 kobolds
  2 quokkas
  A ball python (D:1)
  6 giant newts
  9 rats
107 creatures vanquished.

Notes
Turn   | Place    | Note
--------------------------------------------------------------
     0 | D:1      | JokEr the Vampire Assassin began the quest for the Orb.
     0 | D:1      | Reached XP level 1. HP: 16/16 MP: 1/1
   492 | D:1      | Reached XP level 2. HP: 22/22 MP: 2/2
   892 | D:1      | Reached XP level 3. HP: 21/28 MP: 3/3
  1613 | D:2      | Reached XP level 4. HP: 19/35 MP: 4/4
  2923 | D:3      | Reached XP level 5. HP: 10/42 MP: 5/5
  3477 | D:3      | Noticed Sigmund
  3495 | D:3      | Killed Sigmund
  3495 | D:3      | Reached skill level 5 in Short Blades
  3495 | D:3      | Reached XP level 6. HP: 38/49 MP: 6/6
  4398 | D:4      | Reached skill level 5 in Fighting
  4398 | D:4      | Reached skill level 6 in Stealth
  4608 | D:4      | Reached XP level 7. HP: 51/56 MP: 7/7
  5815 | D:4      | Found a staircase to the Ecumenical Temple.
  5824 | Temple   | Entered the Ecumenical Temple
  6186 | D:5      | Entered Level 5 of the Dungeon
  6232 | D:4      | Reached skill level 7 in Stealth
  6744 | D:5      | Mangled by an ogre

Vault maps used:
D:1:      dpeg_arrival_ternary, minmay_vboxes
D:2:      minmay_liquid_box
D:3:      uniq_sigmund
D:4:      minmay_temple_entry_crystal_x
D:5:      kennysheep_big_flooded_room, serial_shops, kennysheep_little_box,
          first_bread, uniq_grinder
Temple:   lightli_temple_of_artemis

Action                   |  1- 3 |  4- 6 |  7- 9 || total
-------------------------+-------+-------+-------++-------
Melee: Dagger            |   160 |   256 |   179 ||   595
 Fire: Blowgun           |    23 |       |       ||    23
  Use: Scroll            |     5 |     8 |     3 ||    16
       Potion            |     2 |    13 |     8 ||    23
